 Dungeon Crawl Stone Soup version 0.21.1-1-g345015fe64 (webtiles) character file.

70 Jannitor the Chopper (level 4, 0/54 HPs)
             Began as a Hill Orc Enchanter on June 11, 2018.
             Succumbed to a kobold's poison
             ... on level 1 of the Dungeon.
             The game lasted 00:03:32 (2544 turns).

Jannitor the Chopper (Hill Orc Enchanter)           Turns: 2544, Time: 00:03:32

Health: 0/54       AC: 22    Str: 16    XL:     4   Next: 22%
Magic:  6/6        EV:  2    Int: 15    God:
Gold:   96         SH:  0    Dex: 11    Spells: 5/6 levels left

rFire    . . .     SeeInvis .   g - +2 hand axe (holy)
rCold    . . .     Gourm    .   (no shield)
rNeg     + + +     Faith    .   (armour currently unavailable)
rPois    +         Spirit   .   (helmet currently unavailable)
rElec    .         Reflect  .   (cloak currently unavailable)
rCorr    .         Harm     .   (gloves currently unavailable)
MR       .....     NoTele   +   (boots currently unavailable)
Stlth    ++........             (no amulet)
HPRegen  0.18/turn              (no ring)
MPRegen  0.10/turn              (no ring)

@: mighty, lethally poisoned (0 -> -9), tree-form
A: no striking features
a: no special abilities


You were on level 1 of the Dungeon.
You were not hungry.
You were a tree.
You visited 1 branch of the dungeon, and saw 4 of its levels.

You collected 96 gold pieces.

Inventory:

Hand Weapons
 a - a +1 dagger
 g - a +2 hand axe of holy wrath (weapon)
Armour
 b - a +0 robe
 f - a +0 helmet (melded)
 k - a +0 scale mail (melded)
Scrolls
 e - a scroll of identify {unknown}
 h - a scroll of amnesia {unknown}
 i - a scroll of remove curse
 l - a scroll of teleportation {unknown}
 m - a scroll of enchant weapon {unknown}
 n - a scroll of blinking {unknown}
 o - a scroll of magic mapping
Potions
 j - a potion of might
Books
 c - a book of Maledictions

   Spells                             Type                      Level
   a - Corona                         Hexes                        1
   b - Ensorcelled Hibernation        Hexes/Ice                    2
   c - Confuse                        Hexes                        3
   d - Tukima's Dance                 Hexes                        3
   e - Dazzling Spray                 Conjuration/Hexes            3
Comestibles
 d - 6 rations


   Skills:
 + Level 2.0 Fighting
 - Level 1.0 Short Blades
 * Level 3.3 Axes
 + Level 1.8 Armour
 - Level 1.5 Dodging
 - Level 2.4 Stealth
 - Level 1.5 Spellcasting
 - Level 3.0 Hexes


You had 5 spell levels left.
You knew the following spells:

 Your Spells              Type           Power        Failure   Level  Hunger
a - Corona                Hex            ##.....      7%          1    ##.....


Dungeon Overview and Level Annotations

Branches:
Dungeon (4/15)
 Temple: D:4-7

Altars:
Cheibriados
Gozag

Annotations:
D:4 exclusion: ogre


Message History

* * * LOW HITPOINT WARNING * * *
You feel sick.
There is a lethal amount of poison in your body!
* * * LOW HITPOINT WARNING * * *
You feel sick.
* * * LOW HITPOINT WARNING * * *
You feel sick.
* * * LOW HITPOINT WARNING * * *
You feel sick.
* * * LOW HITPOINT WARNING * * *
You feel sick.
* * * LOW HITPOINT WARNING * * *
You feel sick.
* * * LOW HITPOINT WARNING * * *
You feel sick.
* * * LOW HITPOINT WARNING * * *
You feel sick.
* * * LOW HITPOINT WARNING * * *
You feel sick.
You die...

##########.#
#........#.#
#........#.#
#........#.#
+..(.....'.#
######........####
#.................
#)##..........####
#♣##....#........#
#.##.)..#........#
#.###+#.#........#
#.....#.+........'
#..######........#
#..#.......###...#
#.†........>.....#
##.#.#####.###.###
#.#.# #.# #.#


There were no monsters in sight!

Vanquished Creatures
  A howler monkey skeleton (D:4)
  An adder (D:4)
  An ooze (D:2)
  A worm (D:2)
  2 dart slugs
  A leopard gecko (D:2)
  2 giant cockroaches
  4 goblins (D:2)
  A hobgoblin (D:3)
  8 jackals
  5 kobolds
  6 bats
  A frilled lizard (D:2)
  2 rats (D:1)
36 creatures vanquished.

Notes
Turn   | Place    | Note
-------+----------+-------------------------------------------
     0 | D:1      | Jannitor the Hill Orc Enchanter began the quest for the Orb.
     0 | D:1      | Reached XP level 1. HP: 14/14 MP: 3/3
   207 | D:1      | Reached skill level 1 in Axes
   444 | D:1      | Reached XP level 2. HP: 16/22 MP: 4/4
   456 | D:1      | Reached skill level 1 in Fighting
   759 | D:2      | You fall through a shaft for 2 floors!
   777 | D:4      | Noticed an ogre
   794 | D:4      | Found an opulent altar of Gozag.
   803 | D:4      | Reached skill level 1 in Armour
   935 | D:4      | Reached XP level 3. HP: 27/28 MP: 5/5
  1876 | D:2      | Reached XP level 4. HP: 36/36 MP: 6/6
  2083 | D:2      | Found a snail-covered altar of Cheibriados.
  2542 | D:1      | HP: 2/54 [poisoned by a kobold]
  2544 | D:1      | Succumbed to a kobold's poison

Skill      XL: |  1  2  3  4 |
---------------+-------------+-----
Axes           | 1 2 3 |  3.3
Fighting       | 1 2 |  2.0
Armour         | 1 |  1.8
Short Blades   | |  1.0
Dodging        | |  1.5
Stealth        | |  2.4
Spellcasting   | |  1.5
Hexes          | |  3.0

Action                   |  1- 3 |  4- 6 || total
-------------------------+-------+-------++-------
Melee: Hand axe          |   109 |    31 ||   140
       Dagger            |     2 |       ||     2
  Use: Potion            |     1 |     2 ||     3
       Scroll            |     1 |     2 ||     3
 Stab: Sleeping          |     2 |       ||     2
  Eat: Chunk             |     3 |     2 ||     5
Armor: Robe              |    11 |       ||    11
       Scale mail        |    34 |    22 ||    56
Dodge: Dodged            |    63 |    26 ||    89
